 Dungeon Crawl Stone Soup version 0.27-a0-412-g8dd771eca2 (webtiles) character file.

Game seed: 14103863330273575646

432 wampuh the Changer (level 6, -3/47 HPs)
             Began as a Draconian Transmuter on Feb 23, 2021.
             Slain by an ice beast (9 damage)
             ... on level 4 of the Dungeon.
             The game lasted 00:06:03 (5116 turns).

wampuh the Changer (Draconian Transmuter)           Turns: 5116, Time: 00:06:04

Health: -3/47      AC:  6    Str: 13    XL:     6   Next: 67%
Magic:  11/12      EV: 12    Int: 15    God:
Gold:   244        SH:  0    Dex: 11    Spells: 10/13 levels left

rFire    . . .     SeeInvis .     - Unarmed
rCold    . . .     Faith    .   (no shield)
rNeg     . . .     Spirit   .   (armour unavailable)
rPois    .         Reflect  .   (helmet currently unavailable)
rElec    .         Harm     .   (no cloak)
rCorr    .         Rampage  .   (no gloves)
Will     .....                  (boots currently unavailable)
Stlth    +.........             (no amulet)
HPRegen  0.15/turn              (no ring)
MPRegen  0.13/turn              (no ring)

@: appendages (expiring), wereblooded
A: unfitting armour, horns 2, talons 2, cold-blooded, AC +6
a: End Transformation


You were on level 4 of the Dungeon.
You had grown temporary horns.
You had grown temporary talons.
You visited 1 branch of the dungeon, and saw 4 of its levels.

You collected 244 gold pieces.

Inventory:

Armour
 g - a +0 pair of boots (melded)
Wands
 h - a wand of digging (6)
Scrolls
 a - 2 scrolls of blinking {unknown}
 b - a scroll of noise {unknown}
 c - 4 scrolls of immolation {unknown}
 d - 3 scrolls of teleportation {unknown}
 e - 2 scrolls of fear {unknown}
 f - 4 scrolls of identify {unknown}
Potions
 i - 2 potions of heal wounds
 j - a potion of curing {unknown}
 k - 2 potions of lignification {unknown}
 l - a potion of brilliance {unknown}


   Skills:
 - Level 1.1 Fighting
 - Level 1.7 Dodging
 + Level 4.4 Unarmed Combat
 - Level 4.0 Spellcasting
 * Level 5.1 Transmutations


You had 10 spell levels left.
You knew the following spells:

 Your Spells              Type           Power        Failure   Level
a - Beastly Appendage     Tmut           36%          2%          1
b - Wereblood             Tmut           18%          3%          2

Your spell library contained the following spells:

 Spells                   Type           Power        Failure   Level
 Spider Form              Tmut/Pois      5%           19%         3
 Ice Form                 Ice/Tmut       10%          52%         4
 Blade Hands              Tmut           9%           52%         5


Dungeon Overview and Level Annotations

Branches:
Dungeon (4/15)
 Temple: D:4-7

Altars:
Ashenzari
Kikubaaqudgha


Innate Abilities, Weirdness & Mutations

Your plain brown scales are hard. (AC +6)
You cannot fit into any form of body armour.
You are cold-blooded and may be slowed by cold attacks.
You have a pair of horns on your head.
You have razor-sharp toenails.


Message History

The ice beast hits you. The ice beast freezes you.
You feel yourself slow down.
You completely miss the ice beast.
You claw the ice beast, but do no damage.
The ice beast is almost dead.
The ice beast barely misses you. The ice beast hits you.
The ice beast freezes you!
You feel as though you will be slow longer.
* * * LOW HITPOINT WARNING * * *
You hit the ice beast but do no damage. Your kick misses the ice beast.
The ice beast is almost dead.
The ice beast hits you.
* * * LOW HITPOINT WARNING * * *
The ice beast freezes you!
* * * LOW HITPOINT WARNING * * *
You hit the ice beast but do no damage. Your headbutt misses the ice beast.
You tail-slap the ice beast, but do no damage.
The ice beast is almost dead.
The ice beast misses you. The ice beast barely misses you.
You hit the ice beast but do no damage.
You headbutt the ice beast, but do no damage.
The ice beast is almost dead.
You feel yourself speed up.
The ice beast hits you but does no damage.
You barely miss the ice beast.
The ice beast is almost dead.
Your transformation is almost over.
The ice beast barely misses you.
You closely miss the ice beast. You headbutt the ice beast.
The ice beast is almost dead.
The ice beast closely misses you.
You hit the ice beast.
You claw the ice beast, but do no damage.
The ice beast is almost dead.
The ice beast misses you.
You closely miss the ice beast.
The ice beast is almost dead.
The ice beast hits you.
* * * LOW HITPOINT WARNING * * *
The ice beast freezes you!
You die...

#### # ######### #...
##. #.......# #... ....
#.......######... #...
#.......#........
#....##.......#........
+....Y@................
#....##................
#.). #................
#.. #................
#. ########......... #
#......... ..#
#.........
##..#######.........
...................


You could see an ice beast.

Vanquished Creatures
  Sigmund (D:2)
  An orc priest (D:3)
  Jessica (D:2)
  An iguana (D:4)
  An orc wizard (D:3)
  5 adders
  An ooze (D:2)
  3 dart slugs
  6 worms
  7 leopard geckos
  8 orcs
  16 bats
  3 giant cockroaches
  8 goblins
  7 hobgoblins
  2 jackals (D:4)
  7 kobolds
  2 ball pythons
  3 frilled lizards
  2 quokka skeletons (D:4)
  12 rats
97 creatures vanquished.

Vanquished Creatures (others)
  2 plants (D:3)
2 creatures vanquished.

Grand Total: 99 creatures vanquished

Notes
Turn   | Place    | Note
-------+----------+-------------------------------------------
     0 | D:1      | wampuh the Draconian Transmuter began the quest for the
                  | Orb.
     0 | D:1      | Reached XP level 1. HP: 16/16 MP: 3/3
   232 | D:1      | Reached XP level 2. HP: 23/23 MP: 3/5
  1188 | D:2      | Reached XP level 3. HP: 25/28 MP: 4/6
  1415 | D:2      | Reached skill level 3 in Transmutations
  1415 | D:2      | Noticed Sigmund
  1460 | D:2      | Killed Sigmund
  1461 | D:2      | Reached XP level 4. HP: 12/35 MP: 7/9
  1461 | D:2      | Reached XP level 5. HP: 13/40 MP: 7/10
  1802 | D:2      | Reached skill level 4 in Transmutations
  1818 | D:2      | Noticed Jessica
  1823 | D:2      | Killed Jessica
  2276 | D:2      | Learned a level 2 spell: Wereblood
  2719 | D:2      | Reached XP level 6. HP: 44/47 MP: 8/11
  3062 | D:3      | Found a broken altar of Ashenzari.
  3081 | D:3      | Found an ancient bone altar of Kikubaaqudgha.
  3897 | D:3      | Found a broken altar of Ashenzari.
  3901 | D:3      | Saw a vision of the Swamp and the Snake Pit.
  3901 | D:3      | Noticed a naga mage
  3901 | D:3      | Noticed a naga
  3901 | D:3      | Noticed a naga
  3901 | D:3      | Noticed a naga
  3901 | D:3      | Noticed an anaconda
  3901 | D:3      | Noticed an alligator
  3901 | D:3      | Noticed a naga
  3901 | D:3      | Noticed a black mamba
  3901 | D:3      | Noticed a black mamba
  3901 | D:3      | Noticed a naga
  3901 | D:3      | Noticed a swamp drake
  3902 | D:3      | Noticed a goliath frog
  4456 | D:4      | Reached skill level 5 in Transmutations
  5095 | D:4      | Noticed an ice beast
  5116 | D:4      | Slain by an ice beast

Illustrated notes

Levels and vault maps discovered:
D:1:      scummos_arrival_gate, layout_basic
D:2:      minmay_thinvault, layout_basic, uniq_sigmund, uniq_jessica
D:3:      layout_loops_ring, lemuel_round_altar, kiku_gazebo_pond_becter,
          grunt_ashenzari_visionary [grunt_ashenzari_visionary_swamp,
          grunt_ashenzari_visionary_snake]
D:4:      layout_basic

Skill      XL: |  1  2  3  4  5  6 |
---------------+-------------------+-----
Transmutations | 3 4 5 |  5.1
Spellcasting   | 3 4 |  4.0
Unarmed Combat | 4 |  4.4
Fighting       | |  1.1
Dodging        | |  1.7

Action                   |  1- 3 |  4- 6 || total
-------------------------+-------+-------++-------
Melee: Unarmed           |   118 |   200 ||   318
       Tailslap          |    11 |    22 ||    33
       Kick              |     9 |    26 ||    35
       Headbutt          |     7 |    29 ||    36
       Punch             |     1 |     5 ||     6
 Cast: Beastly Appendage |    15 |    30 ||    45
       Wereblood         |       |     4 ||     4
  Use: Potion            |     3 |       ||     3
 Stab: Sleeping          |     1 |       ||     1
Armor: Skin              |    50 |    52 ||   102
Dodge: Dodged            |    72 |   113 ||   185

Table legend: (Time is in decaauts)
 A = Elapsed time spent in this place.
 B = Non-inter-level travel time spent in this place.
 C = Inter-level travel time spent in this place.
 D = Time resting spent in this place.
 E = Time spent auto-exploring this place.
 F = Levels seen in this place.
 G = Mean time per level.
                   A        B        C        D        E       F      G
               +--------+--------+--------+--------+--------+-----+--------+
         Total |   5078 |   4896 |    182 |    754 |   3497 |   4 | 1269.5 |
       Dungeon |   5078 |   4896 |    182 |    754 |   3497 |   4 | 1269.5 |
               +--------+--------+--------+--------+--------+-----+--------+

Top non-repeatable levels by time:
     D:2: 1728 daAuts
     D:3: 1359 daAuts
     D:1: 1175 daAuts
     D:4: 815 daAuts
